 Dungeon Crawl Stone Soup version 0.29-a0-620-g13ace881f2 (webtiles) character file.

Game seed: 7491423906072012049

15 lesaewzxc the Gusty (level 2, -1/20 HPs)
             Began as a Demigod Air Elementalist on June 18, 2022.
             Slain by an adder (2 damage)
             ... on level 2 of the Dungeon.
             The game lasted 00:06:48 (632 turns).

lesaewzxc the Gusty (Demigod Air Elementalist)       Turns: 632, Time: 00:06:49

Health: -1/20      AC:  5    Str:  7 (9)  XL:     2   Next: 21%
Magic:  0/7        EV:  9    Int: 16 (17) God:
Gold:   60         SH:  0    Dex: 11 (14) Spells: 1/4 levels left

rFire   . . .      SeeInvis .   (no weapon)
rCold   . . .      Faith    .   (no shield)
rNeg    . . .      Spirit   .   h - +0 ring mail
rPois   .          Reflect  .   (no helmet)
rElec   .          Harm     +   c - scarf {harm}
rCorr   .          Rampage  .   (no gloves)
Will    .....      Clarity  +   (no boots)
Stlth   +.........              (no amulet)
HPRegen 0.06/turn               (no ring)
MPRegen 0.10/turn               (no ring)

@: lethally poisoned (-1 -> -6), flying, very slightly contaminated
A: high MP 1, forlorn, divine attributes, clarity
a: no special abilities


You were on level 2 of the Dungeon.
You visited 1 branch of the dungeon, and saw 2 of its levels.

You collected 60 gold pieces.

Inventory:

Armour
 c - a scarf of harm (worn)
 h - a +0 ring mail (worn)
Scrolls
 d - a scroll of teleportation {unknown}
 e - a scroll of fear {unknown}
 f - a scroll of identify {unknown}
 g - a scroll of fog {unknown}


   Skills:
 + Level 0.3 Armour
 * Level 2.0 Dodging
 - Level 2.0 Stealth
 + Level 1.8 Spellcasting
 + Level 1.2 Conjurations
 + Level 2.8 Air Magic


You had one spell level left.
You knew the following spells:

 Your Spells              Type           Power      Damage    Failure   Level
a - Shock                 Conj/Air       28%        1d4       32%         1
b - Static Discharge      Conj/Air       7%         N/A       43%         2

Your spell library contained the following spells:

 Spells                   Type           Power      Damage    Failure   Level
 Swiftness                Air            10%        N/A       56%         3
 Airstrike                Air            5%         N/A       92%         4


Dungeon Overview and Level Annotations

Branches:
Dungeon (2/15)


Innate Abilities, Weirdness & Mutations

You have an increased reservoir of magic. (+10% MP)
You shall have no god before yourself.
Your divine heritage dramatically boosts your attributes as you level up.
You possess an exceptional clarity of mind.


Message History

The adder closely misses you.
You closely miss the adder.
The adder is almost dead.
The adder closely misses you. The adder bites you but does no damage.
You miss the adder.
The adder is almost dead.
The adder completely misses you. The adder attacks as you move away!
The adder bites you but does no damage.
Aiming: Shock (safe; 32% risk of failure)
Press: ? - help, Q - select action Shift-Dir - straight line, f/p - adder
Aim: an adder (almost dead, 48% to hit)
The zap misses the adder.
The adder bites you.
You are poisoned.
The adder poisons you! The adder barely misses you.
You barely miss the adder.
The adder is almost dead.
You feel sick. The adder bites you but does no damage.
You closely miss the adder.
The adder is almost dead.
You feel sick. The adder bites you but does no damage.
You closely miss the adder.
The adder is almost dead.
You feel sick. The adder bites you.
* * * LOW HITPOINT WARNING * * *
You are lethally poisoned!
The adder poisons you! The adder bites you but does no damage.
You miss the adder.
The adder is almost dead.
* * * LOW HITPOINT WARNING * * *
You feel sick. The adder bites you but does no damage.
You barely miss the adder.
The adder is almost dead.
* * * LOW HITPOINT WARNING * * *
You feel sick. The adder bites you but does no damage.
You closely miss the adder.
The adder is almost dead.
* * * LOW HITPOINT WARNING * * *
You feel sick. The adder bites you.
You die...

.#...#. #.###.#....<. >....
#........#..# #...# # #..#.##..#
#...#######.##..#.##..## .
#...##..................
..#######...##.####.##.##.##..<.
...........).......)..รท...##....
....................##..........
..............S@................
..#######...##.#.##..#.##....[..
#...##.......#......####
#...####.###.#.#....# #...# #.#
#.#.#....#### #...# #.#
#............ #...#
#.###.###.#..#### #...#
#....<.......# #########
#.#######.....#....#


You could see an adder.

Vanquished Creatures
  A ball python (D:2)
  A giant cockroach (D:2)
  3 goblins (D:1)
  A hobgoblin (D:2)
  2 quokkas
  2 bats (D:2)
  A frilled lizard (D:2)
  A kobold (D:2)
  3 rats
15 creatures vanquished.

Notes
Turn   | Place    | Note
-------+----------+-------------------------------------------
     0 | D:1      | lesaewzxc the Demigod Air Elementalist began the quest for
                  | the Orb.
     0 | D:1      | Reached XP level 1. HP: 14/14 MP: 5/5
   286 | D:1      | Reached skill level 1 in Conjurations
   414 | D:2      | Reached XP level 2. HP: 19/20 MP: 4/7
   469 | D:2      | Gained mutation: You possess an exceptional clarity of
                  | mind. [potion of mutation]
   490 | D:2      | Learned a level 2 spell: Static Discharge
   632 | D:2      | HP: 1/20 [poisoned by an adder]
   632 | D:2      | Slain by an adder

Illustrated notes

Levels and vault maps discovered:
D:1:      dpeg_arrival_rooms_b, layout_loops_corners,
          dreamdust_ecumenical_altar_drowned_temple
D:2:      layout_loops_cross, basic_altar, uniq_crazy_yiuf_cottage, uniq_natasha

Skill      XL: |  1 |
---------------+----+-----
Conjurations   | 1 |  1.2
Dodging        | 2 |  2.0
Stealth        | 2 |  2.0
Armour         | |  0.3
Spellcasting   | |  1.8
Air Magic      | |  2.8

Action                   || total
-------------------------++-------
Melee: Unarmed           ||    14
 Cast: Shock             ||    30
  Use: Potion            ||     6
Armor: Robe              ||     3
       Ring mail         ||    14
Dodge: Dodged            ||    28

Table legend: (Time is in decaauts)
 A = Elapsed time spent in this place.
 B = Non-inter-level travel time spent in this place.
 C = Inter-level travel time spent in this place.
 D = Time resting spent in this place.
 E = Time spent auto-exploring this place.
 F = Levels seen in this place.
 G = Mean time per level.
                   A        B        C        D        E       F      G
               +--------+--------+--------+--------+--------+-----+--------+
         Total |    631 |    631 |      0 |      0 |    125 |   2 |  315.5 |
       Dungeon |    631 |    631 |      0 |      0 |    125 |   2 |  315.5 |
               +--------+--------+--------+--------+--------+-----+--------+

Top non-repeatable levels by time:
     D:1: 364 daAuts
     D:2: 267 daAuts
